[Event "Titled Tuesday Blitz November 08 Early 2022"]
[White "Trifan, Andrei Ioan"]
[Black "Donskov, Anatoly"]
[WhiteFideId "12967068"]
[BlackFideId "24143413"]
[WhiteElo "2208"]
[BlackElo "2219"]
[Result "1-0"]
[Round "04"]
[TimeControl "180+1"]
[Date "2022.11.09"]
[WhiteClock "0:00:10"]
[BlackClock "0:00:01"]

1. b3 Nf6 2. Bb2 g6 3. e3 Bg7 4. Nf3 O-O 5. d4 d6 6. Be2 Nbd7 7. Nbd2 Re8 8. Kf1 e5 9. c4 c6 10. g3 e4 11. Ne1 d5 12. h4 c5 13. Ng2 cxd4 14. Bxd4 Ne5 15. Nf4 Bf5 16. h5 Rc8 17. h6 Bh8 18. cxd5 Nxd5 19. Nxd5 Qxd5 20. Nc4 Nd3 21. Bxh8 Kxh8 22. Qd2 b5 23. Qc3+ Ne5 24. Rd1 Qc5 25. g4 bxc4 26. b4 Qe7 27. gxf5 gxf5 28. Rh5 Qe6 29. Rd4 f6 30. a4 Nd3 31. Rd7 Rf8 32. Rxa7 Rg8 33. Ra5 Ne5 34. b5 Qf7 35. Rh3 Rcd8 36. Ra6 Rd7 37. Ke1 Rc7 38. Rd6 Rd7 39. Rxd7 Qxd7 40. Bxc4 Qc7 41. Qd4 Qxc4 42. Qxc4 Nxc4 43. Rh5 Ra8 44. Rxf5 Rxa4 45. Rxf6 Kg8 46. b6 Rb4 47. Re6 Nxb6 48. Re8+ Kf7 49. Rd8 Kg6 50. Rd6+ Kg5 51. Kf1 Rb2 52. Kg2 Nc4 53. Rc6 Ne5 54. Rc5 Kf5 55. Kg3 1-0


[Site "https://www.chess.com"]

[Event "Titled Tuesday Blitz November 08 Early 2022"]
[White "Vaibhav Jayant Raut"]
[Black "Krzyzanowski, Marcin"]
[WhiteFideId "5089034"]
[BlackFideId "1132199"]
[WhiteElo "2147"]
[BlackElo "2435"]
[Result "0-1"]
[Round "04"]
[TimeControl "180+1"]
[Date "2022.11.08"]
[WhiteClock "0:00:01"]
[BlackClock "0:00:07"]

1. d4 Nf6 2. Bf4 c5 3. e3 g6 4. Nf3 Bg7 5. Nbd2 d6 6. h3 O-O 7. c3 Nc6 8. Be2 cxd4 9. cxd4 e5 10. dxe5 Nd5 11. Bg5 Qe8 12. O-O Nxe5 13. Nd4 Nc6 14. N2f3 h6 15. Bh4 Nxd4 16. Nxd4 a6 17. Bf3 Nb6 18. Qb3 Nd7 19. Rac1 Nc5 20. Qb6 Be5 21. b4 Na4 22. Qa5 g5 23. Bg3 Bxg3 24. fxg3 Qxe3+ 25. Kh2 Qxd4 26. Qxa4 Be6 27. Rc7 b5 28. Qa3 Ra7 29. Rc6 a5 30. Rd1 axb4 31. Qc1 Qe5 32. Rdxd6 Rxa2 33. Rd2 Rxd2 34. Qxd2 b3 35. Qb4 Bc4 36. Rc5 Qf6 37. Bg4 b2 38. Rf5 Qd4 39. Bh5 Rd8 40. Bxf7+ Bxf7 41. Qe7 Qd7 42. Qf6 b1=Q 43. Re5 Qg6 44. Qf2 Qdd6 45. Re3 h5 46. Rf3 h4 47. Kh1 hxg3 48. Qf1 Qd1 49. h4 Qxf1+ 50. Rxf1 Qh5 51. Kg1 Rd1 52. hxg5 Qh2# 0-1


[Site "https://www.chess.com"]

[Event "Titled Tuesday Blitz November 08 Early 2022"]
[White "Vargas, Mauricio"]
[Black "Rose, Felix"]
[WhiteFideId "4404572"]
[BlackFideId "5105722"]
[WhiteElo "2025"]
[BlackElo "2039"]
[Result "0-1"]
[Round "04"]
[TimeControl "180+1"]
[Date "2022.11.09"]
[WhiteClock "0:00:01"]
[BlackClock "0:00:27"]

1. e4 c5 2. Nc3 Nc6 3. f4 g6 4. Nf3 Bg7 5. Bb5 Nd4 6. Bf1 e6 7. d3 Ne7 8. g4 O-O 9. Bg2 Rb8 10. O-O b5 11. Ne2 Nxf3+ 12. Bxf3 f5 13. Ng3 Bb7 14. Qe1 d5 15. e5 d4 16. g5 Bxf3 17. Rxf3 Qd5 18. Qf1 Nc6 19. h4 c4 20. h5 Nb4 21. hxg6 hxg6 22. dxc4 Qxc4 23. Qxc4 bxc4 24. c3 dxc3 25. Rxc3 Rfc8 26. Ne2 Nd5 27. Rf3 Kf7 28. Rb1 a5 29. Ra3 Rc5 30. Bd2 Nb4 31. Bc3 Bf8 32. Nd4 Nc6 33. Nxc6 Rxc6 34. Rxa5 Bc5+ 35. Kg2 Bb4 36. Bxb4 Rxb4 0-1


[Site "https://www.chess.com"]

[Event "Titled Tuesday Blitz November 08 Early 2022"]
[White "Vlassov, Nikolai"]
[Black "Zemlyanskii, Ivan"]
[WhiteFideId "4103360"]
[BlackFideId "24249971"]
[WhiteElo "2574"]
[BlackElo "2832"]
[Result "0-1"]
[Round "04"]
[TimeControl "180+1"]
[Date "2022.11.09"]
[WhiteClock "0:02:56"]
[BlackClock "0:01:58"]

1. e4 c5 2. c3 d5 3. exd5 Qxd5 4. d4 Nf6 5. Nf3 e6 6. a3 Nc6 7. Be3 cxd4 8. cxd4 Be7 9. Nc3 Qd6 10. Qc2 O-O 11. Bd3 Rd8 0-1


[Site "https://www.chess.com"]

[Event "Titled Tuesday Blitz November 08 Early 2022"]
[White "Wagner, Dennis"]
[Black "Mouhamad, Joachim"]
[WhiteFideId "24650684"]
[BlackFideId "656410"]
[WhiteElo "2764"]
[BlackElo "2498"]
[Result "0-1"]
[Round "04"]
[TimeControl "180+1"]
[Date "2022.11.09"]
[WhiteClock "0:00:06"]
[BlackClock "0:00:18"]

1. e4 c5 2. Nf3 Nc6 3. Bb5 g6 4. Bxc6 dxc6 5. d3 Bg7 6. h3 Nf6 7. Nc3 Nd7 8. Be3 e5 9. Qd2 h6 10. a3 a5 11. O-O Qe7 12. Nh2 Nf8 13. f4 exf4 14. Rxf4 Be6 15. Raf1 g5 16. R4f2 b6 17. Na4 Qc7 18. b4 axb4 19. axb4 Rxa4 20. bxc5 b5 21. d4 Qa5 22. Qd1 Bc4 23. Qg4 Qd8 24. Rd1 Ng6 25. Nf1 O-O 26. Ng3 Be6 27. Nf5 Re8 28. c3 Rc4 29. Bd2 b4 30. cxb4 Rxd4 31. Qf3 Rd3 32. Qe2 Bxf5 33. Rxf5 Nh4 34. Rff1 Qd4+ 35. Kh1 Rd8 36. Be3 Qxe4 37. Rxd3 Rxd3 38. Qf2 Rxe3 39. Qxf7+ Kh8 40. Rg1 Rxh3# 0-1


[Site "https://www.chess.com"]

[Event "Titled Tuesday Blitz November 08 Early 2022"]
[White "Weetik, Vjacheslav"]
[Black "Zaksaite, Salomeja"]
[WhiteFideId "4153472"]
[BlackFideId "12801496"]
[WhiteElo "2469"]
[BlackElo "2079"]
[Result "1-0"]
[Round "04"]
[TimeControl "180+1"]
[Date "2022.11.09"]
[WhiteClock "0:01:00"]
[BlackClock "0:00:01"]

1. d4 Nf6 2. c4 g6 3. Nc3 d5 4. cxd5 Nxd5 5. e4 Nxc3 6. bxc3 Bg7 7. Bg5 c5 8. Rc1 O-O 9. Nf3 Bg4 10. d5 f5 11. Bc4 Kh8 12. h3 fxe4 13. hxg4 exf3 14. gxf3 Qd6 15. Kf1 Nd7 16. Kg2 Ne5 17. Be2 c4 18. Qd2 Rad8 19. Rcd1 Nd3 20. Bxd3 cxd3 21. Qxd3 Qe5 22. Qxg6 h6 23. Rxh6+ 1-0


[Site "https://www.chess.com"]

[Event "Titled Tuesday Blitz November 08 Early 2022"]
[White "Winkels, Marcel"]
[Black "Levitan, Caleb Levi"]
[WhiteFideId "1003887"]
[BlackFideId "14332620"]
[WhiteElo "1900"]
[BlackElo "1963"]
[Result "0-1"]
[Round "04"]
[TimeControl "180+1"]
[Date "2022.11.09"]
[WhiteClock "0:00:17"]
[BlackClock "0:00:10"]

1. e4 c5 2. Nf3 e6 3. b3 d5 4. Bb2 dxe4 5. Bb5+ Bd7 6. Bxd7+ Nxd7 7. Ne5 Nxe5 8. Bxe5 Nf6 9. Nc3 Be7 10. O-O O-O 11. Qe2 b6 12. Rad1 Bd6 13. Bxf6 Qxf6 14. Nxe4 Qe7 15. Nxd6 Qxd6 16. d3 Rad8 17. Rfe1 Qd4 18. Qe3 Qb2 19. Qd2 Rd7 20. a4 Rfd8 21. Rb1 Qf6 22. a5 Rd4 23. axb6 axb6 24. Ra1 h6 25. Ra7 b5 26. Qa5 c4 27. bxc4 bxc4 28. dxc4 Rxc4 29. Ra8 Rxa8 30. Qxa8+ Kh7 31. Qa2 Rd4 32. h3 Rd2 33. Rf1 Qf5 34. Qb3 Rxc2 35. Qe3 g6 36. Re1 Rb2 37. Rf1 e5 38. Qc3 Rc2 39. Qb3 Re2 40. Qg3 e4 41. Qg4 Qxg4 42. hxg4 Kg7 43. Kh2 Kf6 44. Kg3 Kg5 45. f4+ exf3 46. gxf3 f5 47. gxf5 gxf5 48. Ra1 h5 49. f4+ Kg6 50. Kf3 Rc2 51. Rg1+ Kf6 52. Rg5 Rh2 53. Kg3 Rh1 54. Kg2 Rh4 55. Kg3 Rg4+ 56. Rxg4 fxg4 57. Kg2 Kf5 58. Kg3 Ke4 59. Kh4 Kxf4 60. Kxh5 g3 61. Kh4 g2 62. Kh5 g1=Q 63. Kh6 Kf5 64. Kh7 Kf6 65. Kh8 Qg7# 0-1


[Site "https://www.chess.com"]

[Event "Titled Tuesday Blitz November 08 Early 2022"]
[White "Winterberg, Lukas"]
[Black "Sailer, Mike"]
[WhiteFideId "24622702"]
[BlackFideId "2012901"]
[WhiteElo "2349"]
[BlackElo "2109"]
[Result "1/2-1/2"]
[Round "04"]
[TimeControl "180+1"]
[Date "2022.11.09"]
[WhiteClock "0:00:05"]
[BlackClock "0:00:07"]

1. d4 d5 2. Bf4 Nf6 3. Nf3 c6 4. e3 Bg4 5. c4 e6 6. Qb3 Qb6 7. c5 Qxb3 8. axb3 Bxf3 9. gxf3 Nh5 10. Bxb8 Rxb8 11. Rxa7 Be7 12. Nc3 O-O 13. b4 Ra8 14. Ra5 b6 15. Ra3 bxc5 16. bxc5 Rxa3 17. bxa3 Rb8 18. Bd3 Rb3 19. Kd2 Rxa3 20. Rb1 Ra8 21. Rb6 Rc8 22. Bc2 e5 23. Ba4 exd4 24. exd4 Nf4 25. Rxc6 Rxc6 26. Bxc6 Bf6 27. Nb5 Kf8 28. Bd7 Ke7 29. c6 Ne6 30. Bxe6 fxe6 31. Ke3 e5 32. f4 exd4+ 33. Nxd4 Kd6 34. Nf3 Kxc6 35. Kd3 Kd6 36. h3 Ke6 37. Ke3 Kf5 38. Nd2 g6 39. Kf3 h5 40. Nf1 Bd4 41. Ng3+ Kf6 42. Ne2 Bc5 43. Nc3 Ke6 44. Na4 Bd4 45. Ke2 Kf5 46. Kf3 Kf6 47. Ke2 Ke6 48. Kd3 Ba7 49. f3 Kf5 50. Nc3 Kxf4 51. Nxd5+ Kxf3 52. Ne7 g5 53. Ng6 Kg3 54. Ke2 Kxh3 55. Kf1 g4 56. Ne5 h4 57. Nxg4 Kxg4 58. Kg2 h3+ 59. Kh1 h2 60. Kxh2 1/2-1/2


[Site "https://www.chess.com"]

[Event "Titled Tuesday Blitz November 08 Early 2022"]
[White "Xiong, Jeffery"]
[Black "Milikow, Yoav"]
[WhiteFideId "2047640"]
[BlackFideId "2822237"]
[WhiteElo "2725"]
[BlackElo "2341"]
[Result "1-0"]
[Round "04"]
[TimeControl "180+1"]
[Date "2022.11.08"]
[WhiteClock "0:00:17"]
[BlackClock "0:00:06"]

1. d4 Nf6 2. g4 Nxg4 3. e4 d6 4. f3 Nf6 5. Be3 Nc6 6. Nc3 e5 7. Bb5 Bd7 8. Nge2 Na5 9. Qd3 c6 10. Ba4 b5 11. Bb3 a6 12. O-O-O exd4 13. Bxd4 c5 14. Bxf6 Qxf6 15. Bd5 Rc8 16. f4 Be7 17. e5 dxe5 18. Ne4 Qf5 19. fxe5 O-O 20. Qg3 Be6 21. Rhg1 g6 22. Rdf1 Qh5 23. Nf4 Qh6 24. Kb1 Bf5 25. Qa3 Nc4 26. Bxc4 bxc4 27. Nd5 Bxe4 28. Nxe7+ Kh8 29. Nxc8 Rxc8 30. Qxa6 Qxh2 31. Qxc8+ 1-0


[Site "https://www.chess.com"]

[Event "Titled Tuesday Blitz November 08 Early 2022"]
[White "Yuan, Qingyu"]
[Black "Bok, Benjamin"]
[WhiteFideId "8609772"]
[BlackFideId "1017063"]
[WhiteElo "2359"]
[BlackElo "2658"]
[Result "1/2-1/2"]
[Round "04"]
[TimeControl "180+1"]
[Date "2022.11.08"]
[WhiteClock "0:00:16"]
[BlackClock "0:00:04"]

1. e4 c5 2. Nf3 d6 3. Bb5+ Nd7 4. c4 Nf6 5. Nc3 g6 6. h3 Bg7 7. d3 O-O 8. Ba4 b6 9. O-O Bb7 10. Bf4 a6 11. Rb1 Qc7 12. Qd2 e6 13. Bxd7 Nxd7 14. Bh6 e5 15. Nh2 f5 16. Bxg7 Kxg7 17. f3 Rae8 18. a3 Rf7 19. b4 Bc6 20. bxc5 bxc5 21. Ne2 f4 22. Rb2 Rff8 23. Rfb1 Rb8 24. Ng4 h5 25. Nf2 g5 26. Nc3 Rxb2 27. Rxb2 Rb8 28. Qc2 Rb6 29. Qb1 Rxb2 30. Qxb2 Qb6 31. Qxb6 Nxb6 32. Kf1 Nd7 33. Ke2 Nf8 34. Kd2 Ne6 35. Ne2 Kf6 36. Kc3 Bd7 37. Kd2 Nd8 38. Nc3 Be6 39. Ne2 Nf7 40. Kc3 Nh6 41. Kd2 g4 42. hxg4 hxg4 43. Ke1 g3 44. Nd1 Nf7 45. Ndc3 Nd8 46. Kd2 Ke7 47. Ke1 Nc6 48. Kf1 Kd7 49. Ke1 Ne7 50. Kf1 Ng8 51. Ke1 Nh6 52. Kf1 Nf7 53. Ke1 Ke7 54. Kf1 Nd8 55. Ke1 Nc6 56. Kf1 Ke8 57. Ke1 Ne7 58. Kf1 Bd7 59. Ke1 Bc6 60. Kf1 Ng6 61. Kg1 Nf8 62. Kf1 Ne6 63. Kg1 Kd7 64. Kf1 Kc7 65. Ke1 Kb6 66. Kf1 Nd4 67. Nxd4 cxd4 68. Nd1 Ka5 69. Nb2 Bd7 70. Ke2 Be6 71. Kf1 Bd7 72. Ke2 Ba4 73. Kd2 Bc6 74. Ke2 Bd7 75. Kf1 Kb6 76. Ke2 Kc7 77. Kf1 Be6 78. Ke2 Kc6 79. Kf1 Bf7 80. Ke2 Bh5 81. Na4 Bg6 82. Kf1 Be8 83. Ke2 Bd7 84. Nb2 Kc5 85. Kf1 Be6 86. Ke2 Bc8 87. Kf1 Kb6 88. Na4+ Kc6 89. Nb2 Bd7 90. Ke2 Be6 91. Na4 Bd7 92. Kf1 Kc7 93. Nb2 Be6 94. Ke2 Kd7 95. Kf1 Ke7 96. Ke2 Kf6 97. Kf1 Ke7 98. Na4 Kd7 99. Nb2 Kc6 100. Kg1 Kb6 101. Kf1 Ka5 102. Ke2 Bd7 103. Kf1 Bc6 104. Ke2 Be8 105. Kd2 Bd7 106. Ke2 1/2-1/2


[Site "https://www.chess.com"]

[Event "Titled Tuesday Blitz November 08 Early 2022"]
[White "Yurovskykh, Oleksandr"]
[Black "Madaminov, Mukhiddin"]
[WhiteFideId "14134020"]
[BlackFideId "14210703"]
[WhiteElo "2561"]
[BlackElo "2818"]
[Result "0-1"]
[Round "04"]
[TimeControl "180+1"]
[Date "2022.11.09"]
[WhiteClock "0:00:09"]
[BlackClock "0:00:14"]

1. d4 Nf6 2. Nf3 e6 3. Bf4 b6 4. e3 Bb7 5. Bd3 g6 6. O-O Bg7 7. h3 O-O 8. Nbd2 d6 9. Bh2 Nbd7 10. Qe2 a5 11. c3 Qe7 12. e4 e5 13. Rfe1 Rfe8 14. Rad1 Rad8 15. Bb5 Rf8 16. Bg3 Nh5 17. Bh4 f6 18. Qe3 Nf4 19. Bg3 Bh6 20. Bxf4 Bxf4 21. Qe2 Kg7 22. g3 Bh6 23. d5 Qf7 24. Bxd7 Qxd7 25. Kg2 f5 26. c4 Bc8 27. Rh1 Rf7 28. exf5 Qxf5 29. Ne4 Rdf8 30. Nfd2 Kh8 31. b3 Bd7 32. f3 Bxd2 33. Nxd2 Qc2 34. Rhf1 Bf5 35. Rf2 Qxa2 36. Ne4 Qxb3 37. Ng5 Re7 38. g4 Bd7 39. h4 h6 40. Ne4 Rf4 41. g5 Rxh4 42. gxh6 Bf5 43. Ng5 Rh5 44. Qd2 Qxc4 45. Rh1 Rxh1 46. Kxh1 a4 47. Qb2 Qh4+ 0-1


[Site "https://www.chess.com"]

[Event "Titled Tuesday Blitz November 08 Early 2022"]
[White "Zaichenko, Daria"]
[Black "Do Nascimento,Christian Almeida"]
[WhiteFideId "4197453"]
[BlackFideId "2143801"]
[WhiteElo "2039"]
[BlackElo "2079"]
[Result "0-1"]
[Round "04"]
[TimeControl "180+1"]
[Date "2022.11.09"]
[WhiteClock "0:00:55"]
[BlackClock "0:00:44"]

1. e4 c5 2. Nf3 d6 3. d4 cxd4 4. Nxd4 Nf6 5. Nc3 a6 6. Be3 e5 7. Nb3 Be6 8. f3 Nbd7 9. a4 Rc8 10. Qd2 Be7 11. Nd5 Bxd5 12. exd5 e4 13. Na5 Qc7 14. c4 exf3 15. gxf3 O-O 16. Be2 Rfe8 17. O-O Bf8 18. Nb3 g6 19. Bd4 Bg7 20. Kh1 Qd8 21. Bd3 Nh5 22. Bxg7 Kxg7 23. f4 Qh4 24. Qf2 Qh3 25. Rad1 Re3 26. Qg2 Rxd3 27. Qxh3 Rxh3 28. Nd2 Rd3 29. Kg2 Ndf6 0-1


[Site "https://www.chess.com"]

[Event "Titled Tuesday Blitz November 08 Early 2022"]
[White "Zhao, Erick"]
[Black "Luberanski, Jakub"]
[WhiteFideId "30946930"]
[BlackFideId "21830509"]
[WhiteElo "2579"]
[BlackElo "2109"]
[Result "0-1"]
[Round "04"]
[TimeControl "180+1"]
[Date "2022.11.09"]
[WhiteClock "0:01:39"]
[BlackClock "0:01:30"]

1. e4 c5 2. Nf3 e6 3. d4 cxd4 4. Nxd4 a6 5. c4 Nf6 6. Nc3 Bb4 7. Bd3 O-O 8. O-O d6 9. Bg5 e5 10. Nf5 Bxf5 11. exf5 Bxc3 12. bxc3 Nbd7 13. Rb1 Qc7 14. Qf3 b6 15. Rfd1 Rfe8 16. Be4 Nxe4 17. Qxe4 Rac8 18. Qd5 Qxc4 19. Qxd6 Nf8 20. f6 Ne6 21. Qxe5 Rc5 22. Qe3 Rxg5 23. Rxb6 Rg6 24. fxg7 Qg4 0-1


[Site "https://www.chess.com"]

[Event "Titled Tuesday Blitz November 08 Early 2022"]
[White "Zia, Tahsin Tajwar"]
[Black "Iliaguev, Nisim"]
[WhiteFideId "10211888"]
[BlackFideId "2817276"]
[WhiteElo "2061"]
[BlackElo "2244"]
[Result "0-1"]
[Round "04"]
[TimeControl "180+1"]
[Date "2022.11.09"]
[WhiteClock "0:00:04"]
[BlackClock "0:00:22"]

1. d4 Nf6 2. c4 e6 3. Nc3 Bb4 4. a3 Bxc3+ 5. bxc3 O-O 6. f3 b6 7. e4 Ba6 8. Bd3 d6 9. Ne2 Nc6 10. Ng3 Na5 11. Qe2 e5 12. O-O Qd7 13. Bg5 Ne8 14. Nf5 f6 15. Be3 Qa4 16. f4 exd4 17. cxd4 Bxc4 18. Rac1 Bxd3 19. Qxd3 Qd7 20. Rf3 d5 21. e5 Nc4 22. Rxc4 dxc4 23. Qxc4+ Kh8 24. e6 Nd6 25. Qd5 Qb5 26. Qxb5 Nxb5 27. Rg3 g6 28. Nh6 Nd6 29. f5 g5 30. d5 Kg7 31. h4 Kxh6 32. hxg5+ Kg7 33. Bd4 Nxf5 34. gxf6+ Kh6 35. Rh3+ Kg6 36. Be5 Rxf6 37. g4 Ne7 38. Bxf6 Kxf6 39. Rxh7 Nxd5 40. Rf7+ Kxe6 0-1


[Site "https://www.chess.com"]

[Event "Titled Tuesday Blitz November 08 Early 2022"]
[White "czernikowskqa"]
[Black "Sanchez, Robert"]
[BlackFideId "2034360"]
[WhiteElo "1737"]
[BlackElo "2399"]
[Result "0-1"]
[Round "04"]
[TimeControl "180+1"]
[Date "2022.11.09"]
[WhiteClock "0:00:23"]
[BlackClock "0:00:10"]

1. Nf3 d5 2. c4 e6 3. d4 Nf6 4. Nc3 Be7 5. cxd5 exd5 6. Bg5 c6 7. e3 O-O 8. Bd3 a5 9. Qc2 h6 10. Bh4 Na6 11. a3 Nc7 12. O-O Bg4 13. Ne5 Bc8 14. Rab1 Ne6 15. b4 axb4 16. axb4 Nd7 17. Bxe7 Qxe7 18. Nf3 Ng5 19. Nd2 Nb6 20. b5 c5 21. dxc5 Qxc5 22. Rfc1 Be6 23. Ne2 Qxc2 24. Rxc2 Ra3 25. Nf4 Rd8 26. h4 Nh7 27. Bxh7+ Kxh7 28. Nf3 Bf5 29. Rbc1 Bxc2 30. Rxc2 Rb3 31. Nd4 Rb1+ 32. Kh2 Nc4 33. Nxd5 Na3 34. Ra2 Nxb5 35. Nxb5 Rxb5 36. Nf4 Rb8 37. Rc2 Ra5 38. Rc7 Kg8 39. Nd3 b5 40. Ne5 Ra6 41. Nc6 Rbb6 42. Ne7+ Kh7 43. g4 b4 44. Nd5 Rb5 45. e4 b3 46. g5 hxg5 47. hxg5 b2 48. Nc3 b1=Q 49. Nxb1 Rxb1 50. Kg3 Kg6 51. Kg4 Rg1+ 52. Kf4 Rxg5 53. Rb7 f6 54. Rc7 Ra2 55. f3 Rh5 56. Rc8 Rf2 57. Kg3 Rhh2 58. Rc5 Rhg2+ 59. Kf4 Ra2 60. Rc7 Rgb2 61. Rc6 Rb3 62. Rc1 Raa3 63. Rg1+ Kf7 64. Rf1 g5+ 65. Kg4 Kg6 66. Rf2 Re3 67. Rf1 Kf7 68. Rf2 Ke6 69. Rf1 Ke5 70. Rf2 Re1 71. Rg2 Raa1 72. Kh5 Kf4 73. Rb2 Kxf3 74. Kg6 g4 75. Kxf6 g3 76. Rb3+ Re3 77. Rb8 g2 78. Rg8 g1=Q 79. Rf8 Rxe4 80. Kf7 Ra7+ 81. Kf6 Rf4+ 82. Ke5 Rxf8 83. Kd5 Qd1+ 84. Ke6 Re8+ 85. Kf5 Qd5+ 86. Kf6 Rf7+ 87. Kg6 Qf5+ 88. Kh6 Rh7# 0-1


[Site "https://www.chess.com"]

[Event "Titled Tuesday Blitz November 08 Early 2022"]
[White "Aaditya Dhingra"]
[Black "Tarnowska, Aleksandra"]
[WhiteFideId "25678191"]
[BlackFideId "1180967"]
[WhiteElo "2054"]
[BlackElo "1776"]
[Result "1-0"]
[Round "05"]
[TimeControl "180+1"]
[Date "2022.11.09"]
[WhiteClock "0:00:05"]
[BlackClock "0:00:03"]

1. e4 c5 2. Nf3 e6 3. d4 cxd4 4. Nxd4 a6 5. c4 Nf6 6. Nc3 Bb4 7. Qd3 Qc7 8. Be2 Nc6 9. Nxc6 dxc6 10. Be3 e5 11. f3 Be6 12. O-O Rd8 13. Qc2 Bxc3 14. Qxc3 O-O 15. Rfd1 c5 16. Bf2 Nh5 17. g3 b6 18. Rxd8 Rxd8 19. Rd1 Rxd1+ 20. Bxd1 Nf6 21. Be2 Nd7 22. b3 Nb8 23. Be3 Nc6 24. f4 Nd4 25. Qd2 exf4 26. Bxd4 cxd4 27. Qxf4 Qd8 28. Bd3 g6 29. e5 Qa8 30. Qe4 Qd8 31. h4 Bf5 32. Qf3 Bxd3 33. Qxd3 Qd7 34. Kf2 Kg7 35. Qf3 Kg8 36. Ke2 Qe6 37. Qe4 Qh3 38. Qf4 Qg2+ 39. Kd3 Qg1 40. Qxd4 Qxg3+ 41. Kc2 Qg2+ 42. Kb1 Qf1+ 43. Kb2 Qf5 44. Qd8+ Kg7 45. Qd4 Qh3 46. Qxb6 Qxh4 47. Qxa6 Qh2+ 48. Ka3 Qxe5 49. Qb5 Qe7+ 50. Qb4 Qd7 51. c5 h5 52. Qc3+ Kg8 53. c6 Qa7+ 54. Kb2 Qc7 55. b4 h4 56. b5 g5 57. Qc5 1-0


[Site "https://www.chess.com"]

[Event "Titled Tuesday Blitz November 08 Early 2022"]
[White "Akbas, Umut Ata"]
[Black "Kukula, Pawel"]
[WhiteFideId "44572646"]
[BlackFideId "1115081"]
[WhiteElo "2192"]
[BlackElo "2046"]
[Result "1-0"]
[Round "05"]
[TimeControl "180+1"]
[Date "2022.11.09"]
[WhiteClock "0:01:00"]
[BlackClock "0:00:02"]

1. Nf3 g6 2. e4 Bg7 3. Bc4 c6 4. Qe2 d5 5. exd5 cxd5 6. Bb5+ Bd7 7. O-O Nf6 8. d4 O-O 9. Bd3 Nc6 10. c3 Bf5 11. Bxf5 gxf5 12. Bf4 Ne4 13. Ne5 e6 14. f3 Nf6 15. Nd2 Qb6 16. Nb3 Nxe5 17. Bxe5 Nd7 18. Bxg7 Kxg7 19. Kh1 Rg8 20. g4 f4 21. Qd2 Qd6 22. Nc1 f6 23. Nd3 e5 24. Rae1 Rae8 25. Qf2 h6 26. dxe5 fxe5 27. Qxa7 Rgf8 28. a3 Kg6 29. Qxb7 e4 30. fxe4 dxe4 31. Nxf4+ Rxf4 32. Rxf4 Qxf4 33. Qxd7 Re5 34. Kg1 Kg5 35. Rf1 Qe3+ 36. Kh1 Kh4 37. Qg7 Rd5 38. Qf6+ Kh3 39. Qe6 Rg5 40. Qxh6+ Kxg4 41. Rg1+ Kf3 42. Qh3+ Kf2 43. Qxe3+ Kxe3 44. Rxg5 1-0


[Site "https://www.chess.com"]

[Event "Titled Tuesday Blitz November 08 Early 2022"]
[White "Aqib Javaid Butt"]
[Black "Gonzalez, Francisco Silva"]
[WhiteFideId "7801262"]
[BlackFideId "1512285"]
[WhiteElo "1659"]
[BlackElo "2159"]
[Result "0-1"]
[Round "05"]
[TimeControl "180+1"]
[Date "2022.11.09"]
[WhiteClock "0:00:02"]
[BlackClock "0:01:52"]

1. d4 Nf6 2. Nf3 d5 3. c4 e6 4. Nc3 a6 5. e3 dxc4 6. Bxc4 b5 7. Be2 Bb7 8. O-O Nbd7 9. b3 c5 10. dxc5 Bxc5 11. Bb2 Rc8 12. Rc1 O-O 13. Ng5 h6 14. Bf3 Qb6 15. Bxb7 Qxb7 16. Qf3 Qxf3 17. Nxf3 Bb4 18. Ne2 Ne4 19. Ned4 Ndc5 20. Ne5 f6 21. Nec6 Nd3 22. Nxb4 Nxc1 23. Rxc1 Rxc1+ 24. Bxc1 Rc8 25. Bd2 e5 0-1


[Site "https://www.chess.com"]

[Event "Titled Tuesday Blitz November 08 Early 2022"]
[White "Arabidze, Meri"]
[Black "Reprintsev, Alexander"]
[WhiteFideId "13604040"]
[BlackFideId "14100541"]
[WhiteElo "2403"]
[BlackElo "2230"]
[Result "0-1"]
[Round "05"]
[TimeControl "180+1"]
[Date "2022.11.09"]
[WhiteClock "0:00:01"]
[BlackClock "0:00:02"]

1. Nf3 d5 2. b3 Bf5 3. Bb2 e6 4. g3 Nd7 5. Bg2 Ngf6 6. O-O Be7 7. c4 O-O 8. Nc3 c6 9. d3 h6 10. Rc1 Qa5 11. Rc2 Rfd8 12. Qa1 Bf8 13. Rcc1 Ba3 14. Rfd1 Rac8 15. Nd4 Bg6 16. cxd5 exd5 17. Bxa3 Qxa3 18. e4 dxe4 19. dxe4 Ne5 20. h3 a6 21. Nf5 Bxf5 22. exf5 Nd3 23. Rc2 Nb4 24. Rcd2 Rxd2 25. Rxd2 Re8 26. Qd1 Qa5 27. g4 Qc5 28. Ne2 Qe5 29. Ng3 Qe1+ 30. Qxe1 Rxe1+ 31. Kh2 Kf8 32. Rd8+ Re8 33. Rd2 Nbd5 34. Bxd5 Nxd5 35. h4 Re1 36. Kg2 Ra1 37. g5 hxg5 38. hxg5 Nb4 39. f6 gxf6 40. gxf6 Nd5 41. Ne4 Re1 42. Kf3 a5 43. Nc5 Nxf6 44. Nxb7 a4 45. bxa4 Nd5 46. a5 Re8 47. a6 Ra8 48. Nc5 Nb4 49. Rd6 Nxa6 50. Ne4 Nb4 51. Ng5 Rxa2 52. Rf6 Ke7 53. Rxf7+ Kd6 54. Rf6+ Ke5 55. Rf8 Ra3+ 56. Kg2 Nd5 57. Nf3+ Kd6 58. Rc8 Kd7 59. Rb8 Nf4+ 60. Kg3 Ne2+ 61. Kg4 Ra4+ 62. Kg5 Nd4 63. Ne5+ Kd6 64. Nf7+ Kc5 65. Kf6 Nf3 66. Nd8 Rf4+ 67. Ke6 Nd4+ 68. Kd7 Rxf2 69. Ra8 Rd2 70. Kc7 Nb5+ 71. Kc8 Rd5 0-1


[Site "https://www.chess.com"]

[Event "Titled Tuesday Blitz November 08 Early 2022"]
[White "Avazkhonov, Alikhon"]
[Black "Noboa Silva, Kevin"]
[WhiteFideId "14208504"]
[BlackFideId "3618471"]
[WhiteElo "1739"]
[BlackElo "2178"]
[Result "0-1"]
[Round "05"]
[TimeControl "180+1"]
[Date "2022.11.09"]
[WhiteClock "0:00:08"]
[BlackClock "0:01:09"]

1. d4 Nf6 2. c4 e6 3. Nc3 Bb4 4. e3 O-O 5. Bd2 b6 6. Nf3 Bb7 7. Bd3 d5 8. cxd5 exd5 9. Rc1 Re8 10. Ne5 c5 11. O-O Nc6 12. Bb5 Re6 13. a3 Bxc3 14. Bxc3 c4 15. Ba4 a6 16. f4 Ne4 17. f5 Rd6 18. Bxc6 Bxc6 19. Bb4 Rh6 20. Ng4 Rh4 21. g3 Rh5 22. f6 Rg5 23. fxg7 Kxg7 24. Ne5 Be8 25. Rf4 f6 26. Nf3 Bh5 27. Nh4 Bxd1 0-1


[Site "https://www.chess.com"]

[Event "Titled Tuesday Blitz November 08 Early 2022"]
[White "Averjanov, Alexey"]
[Black "Jodorcovsky Werjivker, Paulo"]
[WhiteFideId "14109867"]
[BlackFideId "3700305"]
[WhiteElo "2593"]
[BlackElo "2120"]
[Result "0-1"]
[Round "05"]
[TimeControl "180+1"]
[Date "2022.11.09"]
[WhiteClock "0:00:02"]
[BlackClock "0:00:06"]

1. d4 f5 2. c4 e6 3. Nf3 Nf6 4. g3 Be7 5. Bg2 O-O 6. O-O d6 7. b3 Nc6 8. d5 Ne5 9. dxe6 Nxf3+ 10. Bxf3 c6 11. Bb2 Bxe6 12. Nc3 f4 13. Qd4 fxg3 14. hxg3 Qd7 15. Rad1 Bg4 16. Bxg4 Qxg4 17. Qxg4 Nxg4 18. Ne4 Rad8 19. Rd3 d5 20. cxd5 cxd5 21. Nc3 Bc5 22. e3 d4 23. Na4 Ne5 24. Nxc5 Nxd3 25. Nxd3 dxe3 26. Nf4 exf2+ 27. Rxf2 g5 28. Ne2 Rd2 29. Bc1 Rd1+ 30. Kg2 Rxf2+ 31. Kxf2 h6 32. Be3 Ra1 33. Bxa7 Rxa2 34. Bd4 Ra3 35. b4 Kf7 36. b5 Rb3 37. b6 Rb4 38. Be3 Kg6 39. Nc3 Rb3 40. Ne4 Rb2+ 41. Kf3 h5 42. Nd6 g4+ 43. Ke4 Rb4+ 44. Kd3 Rb3+ 45. Kd2 Rb2+ 46. Kc3 Rg2 47. Bf4 Rf2 48. Kd4 h4 49. Nxb7 h3 50. Nc5 h2 51. b7 Rb2 52. b8=Q Rxb8 53. Bxb8 h1=Q 54. Bf4 Qf3 55. Nd3 Qd1 56. Ke3 Kf5 57. Ne5 Qe1+ 58. Kd4 Qe4+ 59. Kc3 Qb7 60. Kd4 Qb3 61. Nd3 Qd1 62. Ke3 Qf3+ 63. Kd4 Qe4+ 64. Kc3 Qe2 65. Kd4 Qa2 66. Ne5 Qa4+ 67. Ke3 Qd1 68. Nd3 Qg1+ 69. Ke2 Qa1 70. Ke3 Qa7+ 71. Ke2 Qe7+ 72. Ne5 Ke4 73. Kd2 Qa3 74. Kc2 Qa2+ 75. Kc3 Qd5 76. Nc4 Qd3+ 77. Kb4 Qd4 78. Kb5 Qd7+ 79. Kc5 Qc8+ 80. Kb4 Kf3 81. Nd6 Qd7 82. Kc5 Qe6 83. Nc4 Ke4 84. Nd6+ Kd3 85. Kc6 Kd4 86. Kc7 Qe7+ 87. Kc6 Qe6 88. Kc7 Kc5 89. Nb7+ Kd5 90. Nd6 Qe7+ 91. Kb6 Qd7 92. Nb5 Qc6+ 93. Ka5 Kc4 94. Nd6+ Kc5 95. Nf5 Qb5# 0-1


[Site "https://www.chess.com"]